cohdb
Replays
Latest Replays
All Replays
Popular Replays
Top Player Replays
Match Explorer
How It Works
Community
CoH3 Stats
Reddit
Sign in to upload your games and track your stats! →
Sign in with Steam
Match 43687630
Unlisted
Match 43687630
Overview
Messages
Build Orders
End
Panzergrenadier Squad
Selects Panzerjäger Kommand Battlegroup
Selects Mine Fields
Panzergrenadier Squad
Construct Light Support Kompanie
Assault Grenadier Squad
MG34 Team
2.5-tonne Medical Truck
Fire Support Elements
Panzerjäger Mechanized Group
Selects Tank Busters
Flakvierling Half-track
Construct Panzerarmee Kommand
le.IG 18 Support Gun Team
Selects Defensive Positions
Combat Half-tracks
Walking Stuka Rocket Launcher
Veteran Squad Leaders
Selects Butterfly Bomb Drop
Butterfly Bomb Drop
Flak 36 Anti-tank Gun Team
Panzergrenadier Squad
Armored Reserves
Selects Crew Shock Tactics
cheese
De@d€ye
Scav
IronDragon
Dani
R. Montecuccoli
Marcus V
Lacoön
0
0
Comments
sign in to comment!
No comments posted yet!